Map: Romanticide LE

Players

LiquidClem (Clem)

  • Race: Terran Terran
  • League: Grandmaster

HeroMarine - Winner!

  • Race: Terran Terran
  • League: Grandmaster

Event: DreamHack SC2 Masters 2021 Summer

VOD

Have the link to the VOD?

Description

Time

  • Played on: July 2, 2021, 9:50 a.m.
  • Length: 9:37

All games in this series

Show
View Real Time Build Order
Export as new Build Order

LiquidClem Terran 

Build Orders:  

Get SALT Encoding   

  12  0:00  SCV  
  13  0:12  SCV  
  14  0:16  Supply Depot  
  14  0:24  SCV  
  15  0:38  SCV  
  15  0:39  Barracks  
  16  0:44  Refinery  
  16  0:50  SCV  
  16  0:52  Refinery  
  17  1:02  SCV  
  18  1:14  SCV  
  19  1:26  Barracks Reactor  
  19  1:27  Orbital Command  
  19  1:28  Supply Depot  
  19  1:42  Factory  
  19  1:52  SCV  
  20  2:02  Reaper  
  20  2:04  SCV  
  20  2:05  Reaper  
  23  2:16  SCV  
  24  2:25  Hellion  
  26  2:30  Command Center  
  26  2:34  Reaper  
  27  2:37  Reaper  
  27  2:39  SCV  
  29  2:50  Supply Depot  
  31  2:53  SCV  
  31  2:57  Starport  
  30  2:59  Factory Tech Lab  
  30  3:06  SCV  
  30  3:11  Marine x2  
  33  3:18  SCV  
  34  3:22  Factory Tech Lab  
  34  3:27  Refinery  
  34  3:29  Marine x2  
  34  3:30  SCV  
  35  3:41  Cyclone  
  35  3:42  SCV  
  35  3:43  Banshee  
  42  3:50  Orbital Command  
  42  3:54  SCV, Marine  
  44  3:57  Marine  
  45  4:03  Supply Depot  
  45  4:06  SCV  
  46  4:13  Marine  
  46  4:15  Marine  
  48  4:18  SCV  
  48  4:19  Siege Tank  
  48  4:23  SCV  
  52  4:26  Raven  
  54  4:31  Supply Depot  
  54  4:32  SCV  
  54  4:35  SCV  
  56  4:44  SCV  
  57  4:47  SCV  
  55  4:57  SCV  
  55  4:59  SCV  
  54  5:04  Command Center  
  54  5:05  Siege Tank  
  56  5:09  SCV  
  56  5:11  Raven  
  56  5:12  SCV  
  60  5:15  Supply Depot  
  60  5:21  SCV  
  61  5:24  SCV  
  61  5:27  Marine x2  
  63  5:30  Supply Depot  
  63  5:33  SCV  
  64  5:36  SCV  
  64  5:39  Refinery  
  65  5:44  Siege Tank  
  65  5:45  SCV  
  65  5:47  Supply Depot  
  65  5:48  SCV  
  70  5:57  SCV  
  70  6:00  SCV  
  72  6:06  Barracks, Marine, Stimpack  
  72  6:08  Barracks, Viking  
  72  6:10  Viking  
  77  6:11  SCV  
  77  6:13  SCV  
  79  6:18  Siege Tank  
  79  6:23  Marine  
  79  6:24  Orbital Command  
  83  6:26  SCV  
  83  6:27  SCV  
  83  6:30  Supply Depot  
  85  6:38  SCV  
  85  6:39  SCV  
  87  6:40  Viking  
  87  6:41  Marine  
  87  6:43  Viking  
  92  6:47  Orbital Command  
  92  6:50  SCV  
  92  6:53  SCV, Supply Depot  
  94  6:54  Barracks Reactor  
  94  6:55  Barracks Reactor  
  94  6:57  Siege Tank  
  97  7:03  SCV  
  97  7:04  Marine  
  97  7:05  SCV  
  100  7:10  Engineering Bay  
  100  7:12  Engineering Bay  
  100  7:13  SCV  
  100  7:15  SCV  
  102  7:17  SCV  
  102  7:18  Viking x2  
  103  7:23  Marine  
  103  7:25  SCV  
  103  7:27  SCV  
  103  7:29  SCV  
  107  7:32  Supply Depot  
  107  7:34  Siege Tank  
  110  7:37  SCV, Marine x2  
  110  7:39  SCV  
  110  7:41  SCV  
  110  7:42  Marine x2  
  117  7:49  SCV, Combat Shield  
  118  7:52  Marine  
  118  7:53  SCV  
  118  7:55  SCV  
  118  7:57  Marine  
  122  8:01  SCV, Marine  
  124  8:05  Viking x2  
  124  8:06  SCV  
  124  8:08  Supply Depot  
  124  8:10  Refinery x2  
  129  8:13  Marine, Siege Tank  
  129  8:15  SCV  
  124  8:20  Marine  
  124  8:23  Marine  
  124  8:24  SCV  
  124  8:26  Marine x2  
  116  8:28  SCV  
  116  8:31  Marine  
  100  8:35  SCV  
  100  8:37  Barracks x2, Viking x2  
  100  8:38  Marine  
  100  8:40  SCV  
  102  8:41  Marine  
  102  8:44  Marine  
  102  8:48  Siege Tank  
  107  8:51  Command Center  
  107  8:53  Marine x2  
  109  8:56  Marine  
  109  8:59  Marine  
  109  9:00  Armory  
  109  9:01  Marine  
  109  9:02  SCV  
  112  9:11  Marine x2  
  112  9:14  Marine  
  117  9:17  Marine  
Show
View Real Time Build Order
Export as new Build Order

HeroMarine Terran - Winner!

Build Orders: Gas First Reaper Expand, Hellion Opening 

Get SALT Encoding   

  12  0:00  SCV  
  13  0:12  SCV  
  14  0:16  Supply Depot  
  14  0:24  SCV  
  14  0:27  Refinery  
  15  0:38  SCV  
  16  0:44  Barracks  
  16  0:50  SCV  
  17  1:02  SCV  
  18  1:14  SCV  
  19  1:31  Reaper, Orbital Command  
  20  1:42  Command Center  
  20  1:52  Factory  
  20  1:56  SCV  
  21  2:04  Supply Depot  
  21  2:05  Barracks Reactor  
  21  2:09  SCV  
  21  2:13  Refinery  
  22  2:21  SCV  
  23  2:33  SCV  
  24  2:40  Starport  
  26  2:44  Hellion x2  
  26  2:45  SCV  
  26  2:49  Barracks Tech Lab  
  29  2:54  Orbital Command  
  29  2:57  SCV  
  32  3:06  Hellion  
  32  3:08  Hellion  
  32  3:10  SCV  
  35  3:19  Refinery  
  35  3:22  Raven  
  35  3:23  SCV x2  
  39  3:30  Hellion  
  39  3:32  Hellion  
  41  3:35  SCV  
  41  3:37  Barracks Tech Lab  
  42  3:41  Supply Depot  
  42  3:43  SCV  
  42  3:47  SCV  
  44  3:55  SCV  
  45  3:59  SCV  
  46  4:03  Cyclone, Marine x2, Supply Depot  
  46  4:07  SCV  
  52  4:10  Raven  
  54  4:19  SCV x2  
  54  4:20  Supply Depot  
  54  4:24  Marine x2  
  54  4:27  Supply Depot  
  56  4:31  SCV x2  
  56  4:35  Siege Tank  
  61  4:42  Marine x2  
  61  4:43  SCV x2  
  65  4:53  Raven  
  65  4:55  SCV x2  
  69  5:01  Supply Depot  
  69  5:03  Marine  
  69  5:05  Marine, Command Center  
  71  5:07  SCV  
  71  5:08  SCV  
  71  5:10  Supply Depot  
  71  5:12  Siege Tank  
  76  5:18  Refinery  
  76  5:19  SCV  
  76  5:20  SCV  
  79  5:32  SCV  
  79  5:33  SCV  
  79  5:40  Barracks  
  79  5:42  Barracks  
  79  5:43  Viking x2, Stimpack  
  79  5:44  Marine  
  79  5:49  Siege Tank  
  87  5:51  SCV x2  
  89  6:02  Marine  
  89  6:03  SCV  
  89  6:04  SCV, Supply Depot  
  92  6:07  Engineering Bay  
  92  6:09  Engineering Bay  
  92  6:15  Viking  
  92  6:18  Orbital Command  
  94  6:20  Viking  
  94  6:21  SCV x2  
  94  6:22  Marine  
  99  6:31  Barracks Reactor x2  
  99  6:34  Barracks x2  
  99  6:37  Terran Infantry Weapons Level 1  
  99  6:38  Orbital Command  
  99  6:39  Terran Infantry Armor Level 1  
  97  6:43  SCV x2  
  97  6:54  Marine  
  97  6:55  SCV x2  
  97  6:56  Sensor Tower  
  97  6:57  Viking x2  
  97  7:00  Missile Turret  
  104  7:06  SCV  
  104  7:07  SCV  
  105  7:08  Marine  
  105  7:09  Marine x3  
  105  7:12  Marine  
  105  7:13  SCV  
  110  7:17  Siege Tank  
  110  7:18  SCV  
  110  7:21  SCV  
  115  7:25  SCV  
  115  7:26  Marine, Supply Depot  
  115  7:27  Supply Depot  
  115  7:28  Barracks Reactor x2, Marine x3  
  118  7:32  Refinery x2, SCV  
  118  7:33  SCV  
  118  7:34  Marine  
  118  7:36  Medivac x2  
  125  7:37  SCV  
  125  7:42  Combat Shield  
  125  7:44  SCV, Supply Depot x2  
  124  7:48  Marine  
  124  7:49  Supply Depot  
  125  8:03  SCV x2  
  125  8:04  SCV  
  126  8:06  Viking x2  
  126  8:07  Marine x3  
  126  8:08  Marine x2  
  126  8:12  Marine x2  
  137  8:15  SCV, Marine x2  
  137  8:19  SCV x2  
  134  8:25  Marine x3  
  134  8:26  Marine x2  
  117  8:27  SCV  
  117  8:29  Marine x2  
  117  8:33  Marine, Siege Tank  
  120  8:36  Medivac  
  120  8:38  Medivac  
  124  8:42  Marine  
  124  8:43  Marine x3  
  124  8:44  Marine  
  128  8:48  Command Center  
  128  8:49  Marine  
  128  8:50  Armory  
  128  8:51  Marine  
  128  8:52  Marine x2  
  132  9:00  Marine x2  
  132  9:01  Factory, Marine x2  
  132  9:02  Marine  
  137  9:05  Siege Tank  
  137  9:06  Medivac  
  137  9:07  Marine  
  137  9:08  Marine  
  144  9:10  Marine x2  
  146  9:18  Marine x3  
  146  9:19  Marine  
  146  9:23  SCV x3  
Tags
 
Add a new tag
Caveats
  • Supply blocks, unpowered buildings, or Contaminate may cause inaccurate times.
  • Supply counts are checked every 10 seconds.